 Dungeon Crawl Stone Soup version 0.28.0-43-g3370ac3207 (webtiles) character file.

Game seed: 2627525720779574830

7213 styxcanada the Covert (level 10, -5/49 HPs)
             Began as a Spriggan Brigand on Mar 11, 2022.
             Was an Initiate of Gozag.
             Slain by a four-headed hydra (10 damage)
             ... on level 2 of the Lair of Beasts on Mar 13, 2022.
             The game lasted 00:49:56 (10413 turns).

styxcanada the Covert (Spriggan Brigand)           Turns: 10413, Time: 00:49:57

Health: -5/49      AC:  4    Str:  7    XL:     10   Next: 87%
Magic:  29/29      EV: 23    Int: 13    God:    Gozag
Gold:   233        SH:  0    Dex: 21    Spells: 11/21 levels left

rFire   . . .      SeeInvis +   a - +3 dagger (spect)
rCold   + . .      Faith    .   (no shield)
rNeg    + . .      Spirit   .   b - +0 robe
rPois   .          Reflect  .   (helmet restricted)
rElec   .          Harm     .   c - +1 cloak
rCorr   +          Rampage  .   (gloves unavailable)
Will    +....                   (boots unavailable)
Stlth   ++++++....              r - amulet of regeneration
HPRegen 0.96/turn               p - +4 ring of slaying
MPRegen 0.21/turn               I - ring "Fueg" {rC+ rN+ rCorr MP+9}

@: very quick
A: very small, no large weapons, unfitting armour, see invisible, speed 3
a: Renounce Religion, Potion Petition, Call Merchant, Bribe Branch


You were on level 2 of the Lair of Beasts.
You worshipped Gozag.
Gozag was aware of your devotion.
You visited 3 branches of the dungeon, and saw 13 of its levels.

You collected 1512 gold pieces.
You spent 1239 gold pieces at shops.
You paid 40 gold pieces to Gozag.

Inventory:

Hand Weapons
 a - a +3 spectral dagger (weapon)
 B - a +3 vorpal hunting sling
Missiles
 h - a curare-tipped dart (quivered)
 i - 108 sling bullets
 t - 4 poisoned darts
 x - 3 boomerangs
Armour
 b - a +0 robe (worn)
 c - a +1 cloak (worn)
Jewellery
 l - a ring of flight
 p - a +4 ring of slaying (left hand)
 r - an amulet of regeneration (around neck)
 I - the ring "Fueg" (right hand) {rC+ rN+ rCorr MP+9}
   (You bought it in a shop on level 5 of the Dungeon)

   [ring of positive energy]

   rC:        It protects you from cold.
   rN:        It protects you from negative energy.
   MP:        It affects your magic capacity (+9).
   rCorr:     It protects you from acid and corrosion.
Wands
 k - a wand of flame (11)
 u - a wand of acid (2)
 w - a wand of polymorph (10)
 y - a wand of iceblast (10)
 D - a wand of digging (7)
Scrolls
 s - a scroll of fog
 H - a scroll of identify
Potions
 d - a potion of lignification {unknown}
 f - 4 potions of brilliance
 g - 2 potions of might
 j - 5 potions of curing
 o - 3 potions of haste
 A - 3 potions of cancellation
 C - 3 potions of flight {unknown}
 F - 2 potions of mutation {unknown}


   Skills:
 + Level 3.8 Fighting
 + Level 5.7 Short Blades
 + Level 2.7(4.4) Slings
 + Level 4.4(4.7) Throwing
 * Level 7.3 Dodging
 * Level 14.6 Stealth
 * Level 6.2 Spellcasting
 * Level 3.8 Conjurations
 * Level 1.0 Hexes
 * Level 4.1 Fire Magic
 * Level 5.9 Evocations


You had 11 spell levels left.
You knew the following spells:

 Your Spells              Type           Power      Damage    Failure   Level
a - Conjure Flame         Conj/Fire      14%        6-21      10%         3
b - Dazzling Flash        Conj/Hex       20%        N/A       19%         3
c - Sticky Flame          Conj/Fire      14%        2d4       32%         4

Your spell library contained the following spells:

 Spells                   Type           Power      Damage    Failure   Level
 Corpse Rot               Necr/Air       8%         N/A       26%         2
 Poisonous Vapours        Pois/Air       8%         N/A       26%         2
 Ignite Poison            Fire/Tmut/Pois 7%         N/A       28%         3
 Portal Projectile        Hex/Tloc       10%        N/A       36%         3
 Iskenderun's Mystic Bla  Conj/Tloc      9%         2d4       58%         4
 Cause Fear               Hex            3%         N/A       71%         4
 Leda's Liquefaction      Hex/Erth       2%         N/A       78%         4
 Petrify                  Tmut/Erth      4%         N/A       86%         4
 Metabolic Englaciation   Hex/Ice        2%         N/A       98%         5
 Blade Hands              Tmut           2%         N/A       99%         5
 Excruciating Wounds      Necr           2%         N/A       99%         5
 Lee's Rapid Deconstruct  Erth           2%         3d5*      99%         5
 Starburst                Conj/Fire      7%         6d4       99%         6
 Statue Form              Tmut/Erth      2%         N/A       100%        6
 Dragon Form              Tmut           2%         N/A       100%        7
 Dragon's Call            Summ           2%         N/A       100%        9


Dungeon Overview and Level Annotations

Branches:
Dungeon (10/15)            Temple (1/1) D:4            Lair (1/6) D:10
    Orc: D:9-12

Altars:
Ashenzari
Dithmenos
Elyvilon
Gozag
Hepliaklqana
Kikubaaqudgha
Nemelex Xobeh
Wu Jian
Yredelemnul
Zin

Shops:
D:5 =   D:7 :

Portals:
Abyss: D:6

Annotations:
D:6 1 transporter, Icepheonix32's ghost, novice DsDe


Innate Abilities, Weirdness & Mutations

You are very small and have problems with some larger weapons.
You are too small for most types of armour.
You have supernaturally acute eyesight. (SInv)
You cover ground extremely quickly. (Speed+++)


Message History

The shaft crumbles and collapses.
A four-headed hydra and a wyvern come into view.
The wyvern hisses angrily.
Found a potion of curing.
A cane toad comes into view.
The four-headed hydra roars!
The cane toad moves out of view.
Found a stone staircase leading down.
The cane toad gives a loud, deep croak!
You hit the wyvern but do no damage.
Your +3 spectral dagger hits the wyvern.
The wyvern misses you.
You hit the wyvern.
The wyvern is lightly wounded.
Your +3 spectral dagger hits the wyvern but does no damage.
The wyvern bites you.
The four-headed hydra bites your +3 spectral dagger.
Your spectral weapon shares its damage with you!
The four-headed hydra bites your +3 spectral dagger but does no damage.
The four-headed hydra bites your +3 spectral dagger!
Your spectral weapon shares its damage with you!
Your +3 spectral dagger fades away.
You hit the wyvern.
The wyvern is moderately wounded.
Your +3 spectral dagger hits the wyvern.
The wyvern bites you! The wyvern barely misses you.
You hit the wyvern.
The wyvern is heavily wounded.
Your +3 spectral dagger barely misses the wyvern.
The wyvern bites you!
You hit the wyvern but do no damage.
The wyvern is heavily wounded.
Your +3 spectral dagger closely misses the wyvern.
The four-headed hydra bites you!
* * * LOW HITPOINT WARNING * * *
The four-headed hydra closely misses you.
The four-headed hydra barely misses you.
The four-headed hydra bites you!
You die...
Your body crumbles into a pile of gold.

####
#########PP###
#......!.....#
#............#..>
.........(@.F.....
.........Dl..##...
.#...........#
#...........#
#...........#
#.##.P##P###.. ##
#.# ### ### .. #.


You could see a four-headed hydra, a cane toad, a wyvern and a friendly +3
spectral dagger (summoned).

Vanquished Creatures
  Urug (D:10)
  Joseph (D:7)
  A kobold demonologist (D:10)
  Grinder (D:3)
  A wraith (D:9)
  A wyvern (D:9)
  2 steam dragons
  10 yaks
  Menkaure (D:7)
  An acid dragon (D:10)
  A water moccasin (D:7)
  3 orc warriors
  An ice beast (D:7)
  3 necrophages
  2 black bears
  An ogre (D:7)
  A small abomination (D:6)
  4 centaurs
  A kobold brigand (D:9)
  A phantom (D:7)
  A wyvern zombie (D:5)
  4 bullfrogs
  2 water moccasin zombies (D:5)
  4 howler monkeys
  11 wights
  2 centaur zombies (D:5)
  A human zombie (D:5)
  A bullfrog zombie (D:5)
  2 jellies
  A bullfrog skeleton (D:5)
  4 orc priests
  A centaur skeleton (D:4)
  2 hounds (D:7)
  A gnoll shaman (D:5)
  2 iguanas
  A scorpion zombie (D:5)
  9 orc wizards
  A killer bee zombie (D:7)
  A hound zombie (D:5)
  2 hound skeletons
  3 howler monkey zombies
  12 gnolls
  3 adders
  2 shadow imps (D:6)
  An ufetubus (D:5)
  A worm (D:5)
  A dart slug (D:2)
  24 orcs
  4 bats
  2 endoplasms
  A giant cockroach (D:2)
  4 goblins
  3 hobgoblins
  3 jackals (D:1)
  A quokka (D:4)
  A ball python (D:2)
  A frilled lizard (D:2)
  7 kobolds
  4 rats
169 creatures vanquished.

Vanquished Creatures (others)
  2 fungi (Lair:1)
  5 plants (D:5)
7 creatures vanquished.

Grand Total: 176 creatures vanquished

Notes
Turn   | Place    | Note
-------+----------+-------------------------------------------
     0 | D:1      | styxcanada the Spriggan Brigand began the quest for the
                  | Orb.
     0 | D:1      | Reached XP level 1. HP: 10/10 MP: 2/2
   166 | D:1      | Reached skill level 6 in Stealth
   496 | D:1      | Reached XP level 2. HP: 11/14 MP: 3/3
  1666 | D:2      | You fall into a shaft and drop 2 floors!
  1666 | D:4      | Noticed a phantom
  2068 | D:2      | Reached skill level 7 in Stealth
  2068 | D:2      | Reached XP level 3. HP: 13/18 MP: 4/4
  2429 | D:2      | Learned a level 3 spell: Conjure Flame
  2744 | D:3      | Reached skill level 1 in Spellcasting
  2744 | D:3      | Reached XP level 4. HP: 11/23 MP: 6/6
  3252 | D:3      | Noticed Grinder
  3254 | D:3      | Killed Grinder
  3255 | D:3      | Reached skill level 8 in Stealth
  3255 | D:3      | Reached skill level 1 in Fire Magic
  3255 | D:3      | Reached XP level 5. HP: 26/26 MP: 6/8
  3255 | D:3      | Reached XP level 6. HP: 30/30 MP: 6/9
  3293 | D:3      | Found a faded altar of an unknown god.
  3678 | D:4      | Found a staircase to the Ecumenical Temple.
  3687 | Temple   | Entered the Ecumenical Temple
  3697 | Temple   | Became a worshipper of Gozag Ym Sagoz the Greedy
  4136 | D:4      | Reached skill level 1 in Conjurations
  4208 | D:5      | Entered Level 5 of the Dungeon
  4245 | D:5      | Found a glowing silver altar of Zin.
  4273 | D:5      | Found Ogiwa's Jewellery Boutique.
  4364 | D:5      | Reached skill level 9 in Stealth
  4584 | D:5      | Reached skill level 1 in Evocations
  4584 | D:5      | Reached XP level 7. HP: 28/35 MP: 9/11
  5147 | D:5      | Found an ancient bone altar of Kikubaaqudgha.
  5360 | D:5      | Reached skill level 1 in Slings
  5367 | D:5      | Reached XP level 8. HP: 39/39 MP: 12/14
  5471 | D:5      | Reached skill level 10 in Stealth
  5652 | D:6      | Identified the +1 scale mail of the Original Sin {-Cast
                  | Dex+2 Stlth+}
  5835 | D:6      | Found a broken altar of Ashenzari.
  5844 | D:6      | Found a transporter.
  6026 | D:6      | Noticed Icepheonix32's ghost (novice DsDe)
  6033 | D:6      | Found a one-way gate to the infinite horrors of the Abyss.
  6037 | D:6      | Found a transporter.
  6226 | D:6      | Reached skill level 11 in Stealth
  6255 | D:6      | HP: 2/40 [orc warrior/+2 halberd of distortion (11)]
  6714 | D:7      | HP: 2/60 [orc/+0 club (4)]
  6718 | D:7      | Reached skill level 5 in Dodging
  6720 | D:7      | Reached XP level 9. HP: 2/44 MP: 0/16
  7306 | D:7      | Noticed Menkaure
  7312 | D:7      | Killed Menkaure
  7495 | D:7      | Found Feugh's Book Emporium.
  7498 | D:7      | Noticed Joseph
  7606 | D:7      | Killed Joseph
  7607 | D:7      | Reached skill level 12 in Stealth
  7607 | D:7      | Reached skill level 5 in Spellcasting
  8189 | D:5      | Bought an amulet of regeneration for 420 gold pieces
  8446 | D:8      | Found a shadowy altar of Dithmenos.
  8794 | D:9      | Reached XP level 10. HP: 49/49 MP: 18/18
  8999 | D:9      | Reached skill level 5 in Evocations
  9112 | D:9      | Reached skill level 5 in Short Blades
  9117 | D:9      | Reached skill level 13 in Stealth
  9338 | D:9      | Found a sparkling altar of Nemelex Xobeh.
  9640 | D:10     | Entered Level 10 of the Dungeon
  9868 | D:10     | Reached skill level 14 in Stealth
  9941 | D:10     | Learned a level 3 spell: Dazzling Flash
  9946 | D:10     | Learned a level 4 spell: Sticky Flame
 10011 | D:10     | Noticed a sun demon
 10049 | D:10     | Found a staircase to the Lair.
 10072 | D:10     | Noticed Urug
 10078 | D:10     | Killed Urug
 10079 | D:10     | Reached skill level 1 in Hexes
 10157 | D:10     | Found Nypiozus's Armour Shop.
 10169 | D:10     | Found an ornate altar of the Wu Jian Council.
 10300 | D:5      | Bought the ring "Fueg" {rC+ rN+ rCorr MP+9} for 819 gold
                  | pieces
 10387 | Lair:1   | Entered Level 1 of the Lair of Beasts
 10405 | Lair:1   | You fall into a shaft and drop 1 floor!
 10405 | Lair:2   | Noticed a four-headed hydra
 10407 | Lair:2   | Noticed a cane toad
 10413 | Lair:2   | Slain by a four-headed hydra

Illustrated notes

Levels and vault maps discovered:
D:1:      sevenhm_arrival_forest_fort_small_4, layout_loops_ring,
          due_unseen_surprise
D:2:      layout_basic, dk_noncrumbling_4
D:3:      layout_rooms, basic_ecumenical_altar, uniq_grinder
D:4:      layout_basic, minmay_temple_entry_statues_fountains,
          chequers_serial_rivers_room_b, grunt_decor_mini_mirrors
D:5:      layout_cave_pools, lemuel_mausoleum_altar_kikubaaqudgha,
          mainiacjoe_overflow_24_doors, serial_shops, shop,
          serial_bayou_lagoon_a
D:6:      layout_rooms, ashenzari_altar_1, gammafunk_ghost_abyssal_escape
D:7:      layout_cave_pools, serial_shops, nicolae_shop_crystal, uniq_joseph,
          uniq_menkaure
D:8:      layout_cave_pools, nicolae_dithmenos_shadow_blocks, serial_rivers,
          chequers_serial_rivers_marsh, chequers_serial_rivers_micro_a,
          chequers_serial_rivers_large_b, chequers_serial_rivers_room_a,
          minmay_misc_feat_encased, serial_bayou_pond_c
D:9:      layout_roguey, mainiacjoe_overflow_cross_hatched,
          kennysheep_small_square
D:10:     layout_roguey, nzn_wu_jian_council_hall, lair_entry_dummy,
          serial_shops, nicolae_shop_waterfront, uniq_urug
Temple:   regret_index_temple_sphere_string
Lair:1:   layout_small_grid, wad_woods_road_05
Lair:2:   layout_roguey, minmay_swamp_entry_reptiles

Skill      XL: |  1  2  3  4  5  6  7  8  9 10 |
---------------+-------------------------------+-----
Stealth        | 6 7 8 9 11 12 14 | 14.6
Dodging        | 2 3 5 6 7 |  7.3
Spellcasting   | 1 2 3 4 5 6 |  6.2
Fighting       | 2 3 |  3.8
Fire Magic     | 1 2 3 4 |  4.1
Conjurations   | 1 2 3 |  3.8
Short Blades   | 3 4 5 |  5.7
Throwing       | 3 4 |  4.4
Evocations     | 1 2 3 4 5 |  5.9
Slings         | 1 2 |  2.7
Hexes          | 1 |  1.0

Action                   |  1- 3 |  4- 6 |  7- 9 | 10-12 || total
-------------------------+-------+-------+-------+-------++-------
Melee: Dagger            |    68 |    69 |   189 |   129 ||   455
       Punch             |       |       |     3 |     1 ||     4
 Fire: Hunting sling     |       |     4 |    18 |       ||    22
Throw: Dart              |    22 |    27 |    26 |     5 ||    80
       Throwing net      |       |     1 |       |       ||     1
       Stone             |       |       |     2 |       ||     2
Evoke: Wand              |       |     3 |    21 |     4 ||    28
  Use: Scroll            |       |    10 |     7 |     2 ||    19
       Potion            |       |       |     2 |       ||     2
 Stab: Sleeping          |     9 |     6 |    18 |     3 ||    36
       Distracted        |       |     1 |     1 |    10 ||    12
Armor: Robe              |     7 |     3 |    13 |     7 ||    30
Dodge: Dodged            |    40 |    49 |   139 |    66 ||   294
